AoeStats
← Kanna Kamui

MegaRandom

510082756Analyzed
4v4 RM · 2d ago on Sep 29, 2026· 58m 48s· 8 players
Game mode
Random Map
Map size
Large (8 player)
Population
200
Speed
Normal
Resources
Standard
Victory
Conquest
Starting age
Dark Age
Ending age
Imperial Age
RankedLock teamsTeams togetherTeam positionsShared explorationLock speedFull tech treeHidden civsTurbo modeCheats
Victory
Defeat
🇦🇺 Saxons · Australia
782
+9
🇹🇼 Poles · Taiwan
774
+9
🇹🇼 Goths · Taiwan
544
+18
🇹🇼 Hindustanis · Taiwan
532
+19
🇻🇳 Portuguese · Vietnam
622
-14
🇫🇷 Britons · France
615
-14
🇦🇷 Burgundians · Argentina
612
-14
🇨🇦 Byzantines · Canada
589
-13
chatonbrutal
9:24 Loom
14:27 Feudal Age
20:15 Castle Age
20:56 Padded Archer Armor
20:47 Fletching
24:55 Pikeman
28:36 Fervor
32:06 Double-Bit Axe
34:25 Redemption
33:39 Crossbowman
34:55 Bow Saw
37:46 Imperial Age
38:31 Wheelbarrow
38:40 Ballistics
41:01 Chemistry
39:42 Treadmill Crane
39:47 Arrowslits
40:13 Fortified Wall
39:59 Murder Holes
41:33 Two-Man Saw
42:47 Coinage
42:18 Caravan
42:28 Guilds
42:18 Horse Collar
42:24 Halberdier
45:10 Elite Varangian Guard
45:36 Arson
45:51 Squires
45:37 Gambesons
46:05 Heavy Plow
46:19 Stone Mining
46:19 Gold Mining
47:33 Crop Rotation
47:42 Hand Cart
49:53 Guard Tower
50:20 Leather Archer Armor
50:00 Bodkin Arrow
50:06 Scale Mail Armor
50:16 Forging
50:12 Scale Barding Armor
52:09 Ring Archer Armor
51:39 Bracer
52:16 Keep
51:31 Heavy Camel Rider
52:12 Husbandry
52:28 Thumb Ring
51:43 Elite Skirmisher
51:44 Arbalester
54:02 Chain Mail Armor
54:23 Iron Casting
54:08 Chain Barding Armor
59:00 Plate Mail Armor
59:05 Plate Barding Armor
Soon ^^
9:59 Feudal Age
11:17 Wheelbarrow
11:05 Horse Collar
12:29 Town Watch
25:20 Double-Bit Axe
26:08 Man-at-Arms
31:59 Castle Age
32:36 Padded Archer Armor
33:14 Hand Cart
34:25 Bow Saw
35:05 Town Patrol
35:25 Leather Archer Armor
36:03 Heavy Plow
39:31 Fletching
39:24 Crossbowman
45:49 Bodkin Arrow
48:05 Treadmill Crane
Smech4118
7:46 Loom
11:03 Feudal Age
10:58 Horse Collar
13:57 Double-Bit Axe
16:16 Gold Mining
18:09 Fletching
26:37 Castle Age
27:03 Gold Shaft Mining
26:30 Heavy Plow
28:09 Crossbowman
33:05 Fervor
34:42 Bow Saw
36:51 Crop Rotation
37:57 Scale Barding Armor
46:42 Imperial Age
44:49 Wheelbarrow
Dragon D. Barola
10:16 Loom
14:22 Feudal Age
14:50 Man-at-Arms
23:58 Fletching
25:14 Forging
28:08 Castle Age
26:47 Wheelbarrow
28:15 Double-Bit Axe
28:54 Pikeman
29:32 Town Watch
30:48 Padded Archer Armor
33:08 Bodkin Arrow
33:54 Bow Saw
33:23 Crossbowman
33:26 Long Swordsman
33:53 Gambesons
34:57 Elite Skirmisher
36:07 Leather Archer Armor
38:23 Hand Cart
38:41 Town Patrol
39:28 Stone Mining
39:38 Gold Mining
48:24 Imperial Age
45:39 Horse Collar
52:18 Fortified Wall
51:59 Guard Tower
53:20 Elite Organ Gun
55:38 Chemistry
55:16 Keep
55:16 Halberdier
55:17 Two-Handed Swordsman
58:49 Two-Man Saw
Kanna Kamui
0:28 Loom
11:43 Feudal Age
12:43 Double-Bit Axe
14:51 Stone Mining
19:37 Castle Age
18:43 Forging
19:15 Bloodlines
20:30 Light Cavalry
24:00 Husbandry
36:12 Wheelbarrow
35:56 Bow Saw
39:52 Imperial Age
37:40 Hand Cart
38:17 Iron Casting
37:48 Scale Barding Armor
37:33 Fletching
37:44 Padded Archer Armor
37:43 Horse Collar
38:28 Szlachta Privileges
39:21 Gold Mining
40:09 Stone Shaft Mining
40:03 Winged Hussar
40:58 Heavy Plow
42:00 Conscription
41:25 Cavalier
42:30 Ballistics
43:43 Town Watch
44:30 Crop Rotation
44:50 Lechitic Legacy
45:57 Blast Furnace
44:53 Bodkin Arrow
47:22 Chemistry
51:25 Masonry
51:43 Chain Barding Armor
55:41 Hoardings
55:10 Bracer
pigfly414
13:06 Feudal Age
13:15 Man-at-Arms
13:46 Horse Collar
16:17 Scale Mail Armor
16:28 Forging
19:07 Double-Bit Axe
27:04 Castle Age
25:36 Gold Mining
25:40 Stone Mining
28:00 Heavy Plow
28:42 Squires
28:06 Long Swordsman
29:39 Stone Shaft Mining
33:30 Chain Mail Armor
33:51 Iron Casting
33:02 Treadmill Crane
36:52 Wheelbarrow
39:16 Imperial Age
37:15 Masonry
37:46 Anarchy
39:10 Hand Cart
39:40 Bow Saw
40:43 Architecture
41:37 Pikeman
41:38 Two-Handed Swordsman
43:32 Caravan
44:58 Blast Furnace
44:26 Conscription
47:21 Two-Man Saw
47:39 Champion
49:59 Elite Huskarl
52:42 Crop Rotation
52:03 Halberdier
58:34 Perfusion
uso61599904
14:04 Feudal Age
21:33 Castle Age
19:29 Double-Bit Axe
19:46 Stone Mining
33:47 Gold Mining
34:45 Scale Mail Armor
34:45 Padded Archer Armor
34:36 Fletching
38:03 Imperial Age
37:22 Wheelbarrow
38:38 Bow Saw
39:46 Chemistry
38:44 Loom
39:18 Hand Cart
39:18 Thumb Ring
42:07 Gold Shaft Mining
41:39 Light Cavalry
42:23 Husbandry
42:37 Bloodlines
41:55 Heavy Camel Rider
45:32 Conscription
46:04 Elite Skirmisher
47:41 Imperial Camel Rider
49:41 Siege Elephant
53:10 Forging
53:09 Scale Barding Armor
54:50 Iron Casting
Cow
6:22 Loom
10:49 Feudal Age
12:20 Man-at-Arms
13:58 Double-Bit Axe
17:18 Gold Mining
17:56 Scale Mail Armor
19:00 Arson
20:22 Forging
23:51 Fletching
27:28 Castle Age
29:58 Squires
29:19 Long Swordsman
29:46 Gambesons
30:20 Chain Mail Armor
30:41 Iron Casting
30:55 Gold Shaft Mining
31:18 Bow Saw
32:17 Stone Mining
32:54 Horse Collar
34:52 Bodkin Arrow
47:09 Imperial Age
48:38 Conscription
47:41 Shield Wall
49:38 Elite Hearth Troop
51:11 Plate Mail Armor
51:45 Elite Varangian Guard
53:15 Capped Ram
Connection lost

Rejoining the realm…

Still unreachable

The connection could not be restored.

Session expired

The server has moved on; the page needs a fresh start.